 Dungeon Crawl Stone Soup version 0.25.0-46-gbd7b0854d2 (webtiles) character file.

Game seed: 3260130311554279157

10425 RaHiT the Covert (level 11, -5/48 HPs)
             Began as a Felid Artificer on July 13, 2020.
             Was a High Priest of Nemelex Xobeh.
             Slain by a troll (12 damage)
             ... on level 12 of the Dungeon.
             The game lasted 01:21:01 (18016 turns).

RaHiT the Covert (Felid Artificer)                 Turns: 18016, Time: 01:21:02

Health: -5/48      AC:  2    Str:  8    XL:     11   Next: 36%
Magic:  10/21      EV: 26    Int: 16    God:    Nemelex Xobeh [*****.]
Gold:   1030       SH:  0    Dex: 23    Spells: 9/22 levels left
                                        Lives:  0   Deaths: 3

rFire    . . .     SeeInvis +     - Unarmed
rCold    . . .     Gourm    .   (shield unavailable)
rNeg     . . .     Faith    .   (armour unavailable)
rPois    .         Spirit   .   (helmet unavailable)
rElec    .         Reflect  .   (cloak unavailable)
rCorr    .         Harm     .   (gloves unavailable)
MR       +....                  (boots unavailable)
Stlth    +++++.....             (no amulet)
HPRegen  0.16/turn              i - +4 ring of slaying
MPRegen  0.17/turn              p - +6 ring of dexterity

@: quick
A: very small, no armour, no weapons or thrown items, stealth, claws 1, fangs 3,
see invisible, carnivore, speed 1, shaggy fur 2, slow metabolism 1, sharp paws
a: Draw Escape, Draw Destruction, Draw Summoning, Triple Draw, Deal Four, Stack
Five, Renounce Religion


You were on level 12 of the Dungeon.
You worshipped Nemelex Xobeh.
Nemelex Xobeh was extremely pleased with you.
You were completely stuffed.

You visited 1 branch of the dungeon, and saw 12 of its levels.

You collected 1030 gold pieces.

Inventory:

Missiles
 y - 271 stones
Jewellery
 f - an uncursed ring of protection from magic {unknown}
 i - a +4 ring of slaying (left paw)
 k - an uncursed ring of positive energy
 p - a +6 ring of dexterity (right paw)
 q - a cursed ring of attention {unknown}
 u - an uncursed ring of positive energy
 F - an uncursed ring of wizardry {unknown}
 I - an uncursed ring of wizardry {unknown}
Wands
 b - a wand of enslavement (11)
 c - a wand of random effects (7)
 E - a wand of digging (9)
 G - a wand of flame (10)
Scrolls
 e - 5 scrolls of noise
 m - a scroll of acquirement {unknown}
 o - 4 scrolls of remove curse
 s - 2 scrolls of teleportation
 t - 2 scrolls of magic mapping
 x - a scroll of immolation
 A - a scroll of blinking {unknown}
 C - a scroll of brand weapon {unknown}
 D - 2 scrolls of fog {unknown}
 J - 3 scrolls of fear {unknown}
 L - a scroll of random uselessness {unknown}
Potions
 a - a potion of lignification
 g - a potion of flight
 h - 2 potions of brilliance
 j - 2 potions of berserk rage
 l - a potion of magic
 n - 2 potions of stabbing {unknown}
 r - 2 potions of cancellation
 v - a potion of haste
 w - a potion of curing
 z - a potion of might {unknown}
 B - a potion of mutation {unknown}
 H - a potion of resistance
 K - a potion of heal wounds {unknown}
Comestibles
 d - 20 rations
 M - 4 chunks of flesh


   Skills:
 - Level 6.0 Fighting
 + Level 8.3 Dodging
 - Level 10.0 Stealth
 - Level 10.0 Unarmed Combat
 - Level 6.0 Spellcasting
 - Level 4.0 Translocations
 - Level 7.0 Earth Magic
 - Level 6.0 Invocations
 - Level 6.0 Evocations


You had 9 spell levels left.
You knew the following spells:

 Your Spells              Type           Power        Failure   Level  Hunger
a - Sandblast             Erth           ####..       1%          1    None
b - Conjure Flame         Conj/Fire      #.......     38%         3    ##.....
c - Blink                 Tloc           N/A          4%          2    #......
d - Petrify               Tmut/Erth      ###.....     32%         4    ####...
e - Stone Arrow           Conj/Erth      ###...       10%         3    ##.....

Your spell library contained the following spells:

 Spells                   Type           Power        Failure   Level  Hunger
 Passwall                 Tmut/Erth      ###.....     4%          2    #......
 Magic Dart               Conj           #...         14%         1    None
 Call Imp                 Summ           #.......     21%         2    #......
 Searing Ray              Conj           #.....       21%         2    #......
 Slow                     Hex            #.......     21%         2    #......
 Lee's Rapid Deconstruct  Erth           ####......   22%         5    ######.
 Dazzling Flash           Conj/Hex       #.....       38%         3    ##.....
 Mephitic Cloud           Conj/Pois/Air  #.......     38%         3    ##.....
 Iskenderun's Mystic Bla  Conj/Tloc      ##......     52%         4    ####...
 Fulminant Prism          Conj/Hex       #.........   80%         4    ####...
 Bolt of Magma            Conj/Fire/Erth ##........   83%         5    ######.
 Iskenderun's Battlesphe  Conj/Chrm      #.......     98%         5    ######.
 Iron Shot                Conj/Erth      ###.......   99%         6    #######
 Orb of Destruction       Conj           #.........   100%        7    #######
 Spellforged Servitor     Conj/Summ      #.........   100%        7    #######


Dungeon Overview and Level Annotations

Branches:
Dungeon (12/15)            Temple (0/1) D:4            Lair (0/6) D:8
    Orc (0/2) D:11

Altars:
Elyvilon
Fedhas
Gozag
Makhleb
Nemelex Xobeh
Trog
Vehumet
Xom
Yredelemnul
Zin
The Shining One

Shops:
D:5 =   D:9 [


Innate Abilities, Weirdness & Mutations

You cannot wear armour.
You are incapable of wielding weapons or throwing items.
Your paws allow you to move quietly. (Stealth)
You have sharp claws.
You have razor-sharp teeth.
You have supernaturally acute eyesight. (SInv)
You are carnivorous and can eat meat at any time.
You cover ground quickly.
You are covered in thick fur. (AC +2)
You have a slow metabolism.
Your sharp claws are effective at attacking unaware monsters.


Message History

The troll is moderately wounded.
Casting: Stone Arrow (dangerous; 10% risk of failure)
Confirm with . or Enter, or press ? or * to list all spells.
Aiming: Stone Arrow (dangerous; 10% risk of failure)
Press: ? - help, Shift-Dir - straight line, f/p - troll
Aim: a troll (moderately wounded)
The stone arrow hits the troll!
The troll is heavily wounded.
Casting: Stone Arrow (dangerous; 10% risk of failure)
Confirm with . or Enter, or press ? or * to list all spells.
Aiming: Stone Arrow (dangerous; 10% risk of failure)
Press: ? - help, Shift-Dir - straight line, f/p - troll
Aim: a troll (heavily wounded)
The stone arrow misses the troll.
The troll bites you! The troll claws you. The troll completely misses you.
The troll bites you!
* * * LOW HITPOINT WARNING * * *
The troll completely misses you. The troll claws you!
You die...
Your body glows slightly and disappears.

#....[....o...# #
#.....).####..####
#.)###..# #....(.
#..# #..# #......
#..# #.)####..####
#..# #........# #
#..# #........# #
#..# #).####..# #
#@.# #..# #..# #
#.T###..####..####
#...<.............
#..<..............
##################


You could see a troll.

Vanquished Creatures
  Harold (D:8)
  An ugly thing (D:11)
  4 cyclopes
  A manticore (D:11)
  Joseph (D:7)
  2 centaur zombies
  A centaur skeleton (D:11)
  A komodo dragon (D:8)
  A troll (D:12)
  Grinder (D:6)
  2 hippogriffs (D:8)
  A spriggan (D:9)
  Sigmund (D:4)
  A wraith (D:11)
  18 yaks
  A human (D:11)
  A vampire mosquito (D:12)
  Menkaure (D:4)
  2 steam dragons (D:10)
  A hungry ghost (D:9)
  A soldier ant (D:10)
  2 wargs (D:11)
  2 orc warriors
  4 sky beasts
  3 phantoms
  An eye of draining (D:11)
  2 ice beasts (D:6)
  4 ogres
  A necrophage (D:9)
  10 centaurs
  4 big kobolds
  7 bullfrogs
  A wyvern zombie (D:7)
  A jelly (D:10)
  5 scorpions
  A wyvern skeleton (D:7)
  3 killer bees
  3 wights (D:8)
  4 electric eels (D:6)
  2 howler monkeys (D:6)
  5 crimson imps
  7 hounds
  8 orc priests
  Terence (D:2)
  11 orc wizards
  2 iguanas
  11 worker ants
  A hound skeleton (D:4)
  Robin (D:2)
  A howler monkey zombie (D:10)
  4 gnolls
  14 adders
  2 shadow imps
  2 oozes
  3 adder zombies
  3 adder skeletons
  3 worms (D:2)
  A dart slug (D:1)
  3 leopard geckos
  47 orcs
  3 ball pythons
  17 bats
  3 giant cockroaches
  15 goblins
  13 hobgoblins
  16 jackals
  2 quokkas
  3 frilled lizards (D:2)
  56 kobolds
  A quokka skeleton (D:9)
  7 rats
  A spectral orc (D:7)
371 creatures vanquished.

Vanquished Creatures (collateral kills)
  Pikel (D:4)
  A troll (D:11)
  3 centaurs
  2 big kobolds (D:6)
  A bullfrog (D:6)
  5 wights (D:6)
  An orc priest (D:11)
  An iguana (D:4)
  2 gnolls (D:6)
  A worm (D:2)
  4 orcs
  A hobgoblin (D:6)
  8 kobolds (D:6)
31 creatures vanquished.

Vanquished Creatures (others)
  2 slaves (D:4)
  A phantom (D:4)
  Ijyb (D:4)
  A worker ant (D:4)
  An adder (D:2)
  6 plants (D:8)
12 creatures vanquished.

Grand Total: 414 creatures vanquished

Notes
Turn   | Place    | Note
-------+----------+-------------------------------------------
     0 | D:1      | RaHiT the Felid Artificer began the quest for the Orb.
     0 | D:1      | Reached XP level 1. HP: 9/9 MP: 4/4
   348 | D:1      | Reached XP level 2. HP: 12/12 MP: 5/5
   647 | D:1      | Reached XP level 3. HP: 15/15 MP: 6/6
  1313 | D:2      | Reached skill level 5 in Stealth
  1390 | D:1      | Reached XP level 4. HP: 12/19 MP: 7/7
  1710 | D:2      | Noticed Terence
  1758 | D:2      | Killed Terence
  1957 | D:2      | Found a sparkling altar of Nemelex Xobeh.
  1971 | D:2      | Became a worshipper of Nemelex Xobeh the Trickster
  2179 | D:2      | Reached XP level 5. HP: 20/22 MP: 8/8
  2225 | D:2      | Noticed Robin
  2534 | D:2      | Killed Robin
  2711 | D:3      | Received a gift from Nemelex Xobeh
  2854 | D:3      | Noticed a sky beast
  2860 | D:3      | Killed a sky beast
  2860 | D:3      | Reached skill level 5 in Dodging
  2860 | D:3      | Gained mutation: You are covered in thick fur. (AC +2)
                  | [Felid growth]
  2860 | D:3      | Reached XP level 6. HP: 25/25 MP: 9/9
  3087 | D:3      | Found a bloodstained altar of Trog.
  3226 | D:3      | Reached * piety under Nemelex Xobeh
  3568 | D:4      | Received a gift from Nemelex Xobeh
  3652 | D:4      | Found a staircase to the Ecumenical Temple.
  3672 | D:4      | Reached skill level 1 in Invocations
  3673 | D:4      | Noticed Sigmund
  3677 | D:4      | Killed Sigmund
  3677 | D:4      | Reached XP level 7. HP: 28/28 MP: 10/10
  3697 | D:4      | Noticed Pikel
  3704 | D:4      | Killed Pikel
  3938 | D:4      | Reached skill level 5 in Invocations
  4048 | D:4      | Killed Ijyb
  4082 | D:4      | Noticed Menkaure
  4085 | D:4      | Killed Menkaure
  4085 | D:4      | Reached XP level 8. HP: 31/32 MP: 13/13
  4102 | D:4      | Reached skill level 5 in Evocations
  4565 | D:5      | Entered Level 5 of the Dungeon
  4628 | D:5      | Found Zudaexewk's Jewellery Shop.
  4785 | D:5      | Reached ** piety under Nemelex Xobeh
  5592 | D:5      | Received a gift from Nemelex Xobeh
  6208 | D:6      | Killed from afar by an orc priest
  6209 | D:6      | Reached XP level 7. HP: -10/28 MP: 12/12
  6210 | D:6      | Found a radiant altar of Vehumet.
  6235 | D:6      | Reached skill level 5 in Unarmed Combat
  6305 | D:6      | Reached XP level 8. HP: 26/32 MP: 13/13
  6407 | D:6      | Noticed Grinder
  6411 | D:6      | Killed Grinder
  6551 | D:6      | HP: 1/36 [orc wizard/magic dart (9)]
  6827 | D:6      | Received a gift from Nemelex Xobeh
  6886 | D:6      | Found a glowing golden altar of the Shining One.
  7003 | D:6      | Learned a level 2 spell: Blink
  7007 | D:6      | Learned a level 3 spell: Conjure Flame
  7107 | D:6      | Reached skill level 1 in Translocations
  7273 | D:6      | Reached skill level 1 in Spellcasting
  7338 | D:6      | Reached skill level 5 in Fighting
  7629 | D:6      | Reached XP level 9. HP: 24/40 MP: 14/14
  8900 | D:7      | Noticed Joseph
  8911 | D:7      | Killed Joseph
  9066 | D:7      | Reached skill level 10 in Stealth
  9096 | D:7      | Found a blossoming altar of Fedhas.
  9096 | D:7      | Reached *** piety under Nemelex Xobeh
  9120 | D:7      | Mangled by a wyvern
  9121 | D:7      | Reached XP level 8. HP: -13/38 MP: 13/13
  9267 | D:7      | Learned a level 1 spell: Sandblast
  9361 | D:7      | Received a gift from Nemelex Xobeh
  9716 | D:7      | Found a basalt altar of Yredelemnul.
 10053 | D:8      | Noticed Harold
 10086 | D:8      | Killed Harold
 10086 | D:8      | Reached XP level 9. HP: 25/41 MP: 14/14
 10104 | D:8      | Found a white marble altar of Elyvilon.
 10134 | D:8      | Noticed a komodo dragon
 10156 | D:8      | Killed a komodo dragon
 10359 | D:8      | Found a glowing golden altar of the Shining One.
 10363 | D:8      | Found a glowing silver altar of Zin.
 10476 | D:8      | Found a staircase to the Lair.
 10742 | D:8      | Reached skill level 5 in Earth Magic
 10860 | D:8      | Reached **** piety under Nemelex Xobeh
 11104 | D:9      | Found Ziuw's Armour Boutique.
 11953 | D:9      | Found a burning altar of Makhleb.
 11953 | D:9      | Found a shimmering altar of Xom.
 12029 | D:9      | Received a gift from Nemelex Xobeh
 12106 | D:9      | Reached XP level 10. HP: 45/45 MP: 15/15
 12178 | D:9      | Found an opulent altar of Gozag.
 12571 | D:9      | Reached skill level 5 in Spellcasting
 12750 | D:10     | Entered Level 10 of the Dungeon
 12755 | D:10     | Received a gift from Nemelex Xobeh
 12807 | D:10     | Killed from afar by a steam dragon
 12808 | D:10     | Reached XP level 9. HP: -1/41 MP: 17/17
 12808 | D:10     | Reached ***** piety under Nemelex Xobeh
 13534 | D:10     | Reached XP level 10. HP: 45/45 MP: 10/20
 13739 | D:10     | Received a gift from Nemelex Xobeh
 14846 | D:11     | Learned a level 4 spell: Petrify
 14960 | D:11     | Found a staircase to the Orcish Mines.
 15187 | D:11     | Noticed a cyclops
 15207 | D:11     | Killed a cyclops
 15305 | D:11     | Received a gift from Nemelex Xobeh
 15305 | D:11     | Noticed a cyclops
 15658 | D:11     | Noticed a manticore
 15831 | D:11     | Killed a manticore
 16145 | D:11     | Noticed a cyan ugly thing
 16185 | D:11     | Killed a red ugly thing
 16185 | D:11     | Reached XP level 11. HP: 48/48 MP: 21/21
 16199 | D:11     | Received a gift from Nemelex Xobeh
 16820 | D:11     | Received a gift from Nemelex Xobeh
 16825 | D:11     | Learned a level 3 spell: Stone Arrow
 17377 | D:12     | Reached skill level 10 in Unarmed Combat
 18016 | D:12     | Slain by a troll

Illustrated notes

Levels and vault maps discovered:
D:1:      lemuel_arrival_behind_the_door_small, layout_loops_ring,
          chequers_garden, corner_web_ring
D:2:      layout_rooms, lemuel_doored_altar, chequers_serial_rivers_large_b,
          uniq_terence, uniq_robin
D:3:      layout_basic, lemuel_round_altar, first_ration, feat_on_display
D:4:      layout_loops_cross, minmay_temple_entry_gardened_gates, uniq_pikel,
          uniq_ijyb, uniq_sigmund, uniq_menkaure
D:5:      cheibrodos_thug_alley, layout_basic, serial_shops, shop_statue
D:6:      minmay_goblin_kobold_castle, layout_basic, kennysheep_little_box,
          columned_hall_lemuel, tso_altar, uniq_grinder
D:7:      layout_basic, fedhas_bush_and_centaur_altar,
          yredelemnul_forgotten_temple_becter, nicolae_overflow_hidden_temple,
          uniq_joseph
D:8:      layout_basic, good_gods_mini_temple, david_lair_shrubbed, uniq_harold
D:9:      layout_roguey, grunt_temple_overflow_champion_of_chaos, serial_shops,
          shop_fountains, the_bakery, hex_medium,
          nicolae_gozag_cash_rules_everything_around_me
D:10:     layout_stronghold
D:11:     layout_layer_cave, erik_orc_4
D:12:     wad_river_or_something, layout_small_grid, uniq_josephine

Skill      XL: |  1  2  3  4  5  6  7  8  9 10 11 |
---------------+----------------------------------+-----
Dodging        | 3 5 6 7 8 |  8.3
Stealth        | 2 4 5 6 10 | 10.0
Unarmed Combat | 2 3 5 6 9 10 | 10.0
Invocations    | 3 6 |  6.0
Evocations     | 4 6 |  6.0
Fighting       | 5 6 |  6.0
Translocations | 2 4 |  4.0
Spellcasting   | 1 6 5 |  6.0
Earth Magic    | 3 6 7 |  7.0

Action                   |  1- 3 |  4- 6 |  7- 9 | 10-12 || total
-------------------------+-------+-------+-------+-------++-------
Melee: Unarmed           |    71 |   147 |   446 |   221 ||   885
       Bite              |     5 |     9 |    46 |    25 ||    85
       Punch             |       |     1 |    10 |     7 ||    18
 Cast: Sandblast         |       |       |    45 |    60 ||   105
       Blink             |       |       |     1 |       ||     1
       Conjure Flame     |       |       |     2 |     1 ||     3
       Petrify           |       |       |       |     1 ||     1
       Stone Arrow       |       |       |       |    13 ||    13
Invok: Draw Destruction  |       |     3 |     8 |     5 ||    16
       Draw Summoning    |       |       |     9 |     1 ||    10
       Draw Escape       |       |       |     2 |       ||     2
Evoke: Wand              |     5 |     6 |    33 |    12 ||    56
  Use: Scroll            |       |     5 |     1 |     3 ||     9
       Potion            |       |     1 |     5 |     3 ||     9
 Stab: Sleeping          |     5 |    12 |    22 |    20 ||    59
       Paralysed         |       |       |     4 |     2 ||     6
       Distracted        |       |       |     2 |     3 ||     5
  Eat: Chunk             |     8 |     5 |    34 |    10 ||    57
Armor: Skin              |     7 |     6 |    15 |     8 ||    36
Dodge: Dodged            |    60 |   111 |   331 |   175 ||   677
